 Dungeon Crawl Stone Soup version 0.21-a0-38-g95c5c02 (webtiles) character file.

62 blackwizard the Gusty (level 3, -6/32 HPs)
             Began as a Troll Air Elementalist on May 29, 2017.
             Mangled by an ogre
             ... wielding a cursed -3 giant club
              (8 damage)
             ... on level 3 of the Dungeon.
             The game lasted 00:13:03 (2700 turns).

blackwizard the Gusty (Troll Air Elementalist)      Turns: 2700, Time: 00:13:04

Health: -6/32      AC:  5    Str: 17    XL:     3   Next: 85%
Magic:  1/3        EV: 10    Int: 11    God:
Gold:   104        SH:  0    Dex: 10    Spells: 3/4 levels left

rFire    . . .     SeeInvis .   h - -2 short sword (curse)
rCold    . . .     Gourm    +   (no shield)
rNeg     . . .     Faith    .   a - +0 robe
rPois    .         Spirit   .   (helmet restricted)
rElec    .         Reflect  .   (no cloak)
rCorr    .         Harm     .   (gloves unavailable)
MR       .....                  (boots unavailable)
Stlth    +.........             (no amulet)
Regen    0.5/turn               (no ring)
MPRegen  0.1/turn               (no ring)

@: no status effects
A: unfitting armour, claws 3, fast metabolism 3, gourmand, regeneration 1,
shaggy fur 1, tough skin 2
a: no special abilities


You were on level 3 of the Dungeon.
You were not hungry.

You visited 1 branch of the dungeon, and saw 3 of its levels.

You collected 104 gold pieces.

Inventory:

Hand Weapons
 g - a +0 dagger
 h - a cursed -2 short sword (weapon)
 q - a +1 hand axe of flaming
Missiles
 e - 55 stones (quivered)
 f - 14 arrows
Armour
 a - a +0 robe (worn)
 j - a +0 robe
Wands
 o - a wand of polymorph (8/24)
Scrolls
 i - a scroll of enchant armour {unknown}
 k - 2 scrolls of identify {unknown}
 l - a scroll of immolation {unknown}
 m - a scroll of remove curse {unknown}
 n - 2 scrolls of teleportation {unknown}
Potions
 d - 2 potions of curing {unknown}
 p - 2 potions of lignification {unknown}
 r - a potion of heal wounds {unknown}
Books
 b - a book of Air

   Spells                             Type                      Level
   a - Shock                          Conjuration/Air              1
   b - Swiftness                      Charms/Air                   2
   c - Static Discharge               Conjuration/Air              3
   d - Airstrike                      Air                          4
   e - Lightning Bolt                 Conjuration/Air              5
Comestibles
 t - 4 fruits


   Skills:
 + Level 0.4 Fighting
 + Level 0.4 Short Blades
 + Level 2.3 Dodging
 + Level 1.1 Stealth
 + Level 0.2 Unarmed Combat
 + Level 1.2 Spellcasting
 + Level 1.2 Conjurations
 + Level 2.3 Air Magic


You had 3 spell levels left.
You knew the following spells:

 Your Spells              Type           Power        Failure   Level  Hunger
a - Shock                 Conj/Air       #...         16%         1    ##.....


Dungeon Overview and Level Annotations

Branches:
Dungeon (3/15)

Altars:


Innate Abilities, Weirdness & Mutations

You are too large for most types of armour.
You have claws for hands.
Your metabolism is lightning-fast.
You like to eat raw meat.
Your natural rate of healing is unusually fast.
You are covered in fur. (AC +1)
You have very tough skin. (AC +2)


Message History

An ogre comes into view. It is wielding a giant club.
The ogre shouts!
You hear a shout!
The ogre hits you with a giant club!
Casting: Shock
Confirm with . or Enter, or press ? or * to list all spells.
Aiming: Shock
Press: ? - help, Shift-Dir - straight line, f - ogre
Aim: an ogre, wielding a giant club The zap hits the ogre.
The ogre is lightly wounded.
Casting: Shock
Confirm with . or Enter, or press ? or * to list all spells.
Aiming: Shock
Press: ? - help, Shift-Dir - straight line, f/p - ogre
Aim: an ogre, wielding a giant club (lightly wounded)
The zap misses the ogre.
The ogre hits you with a giant club!!
Ouch! That really hurt!
* * * LOW HITPOINT WARNING * * *
The ogre hits you with a giant club!
You die...

#.#........
#.#.####.###
#.#....#.#
#.#.##.# .
#.#.##.#
#.#.##.# #
#.#.##.# #.
#.#.##.# #..
#######@#.##.#..
#...
#.....O.#.##.#.#
#....#.#######
#.#.# #......#
#.#.# ......###
######.#.#
##....
#......#.# #.##
#.######.####.#
#
#.....).......#
########.######


You could see an ogre.

Vanquished Creatures
  3 adders (D:2)
  A leopard gecko (D:1)
  2 giant cockroaches (D:1)
  4 goblins
  4 hobgoblins
  A ball python (D:2)
  3 bats (D:1)
  2 frilled lizards
  10 kobolds
  5 rats
35 creatures vanquished.

Notes
Turn   | Place    | Note
-------+----------+-------------------------------------------
     0 | D:1      | blackwizard the Troll Air Elementalist began the quest for the Orb.
     0 | D:1      | Reached XP level 1. HP: 16/16 MP: 1/1
   504 | D:1      | Reached XP level 2. HP: 24/24 MP: 2/2
  1239 | D:2      | Reached XP level 3. HP: 31/31 MP: 0/3
  1465 | D:2      | Paralysed by fainting for 12 turns
  1566 | D:2      | Reached skill level 1 in Conjurations
  1902 | D:2      | Paralysed by fainting for 7 turns
  2689 | D:3      | Noticed an ogre
  2699 | D:3      | HP: 1/32 [ogre/giant club (21)]
  2700 | D:3      | Mangled by an ogre

Vault maps used:
D:1:      kilobyte_arrival_exit_the_forest, kennysheep_flooded_box
D:3:      chequers_ecumenical_altar_simple_redux

Skill      XL: |  1  2  3 |
---------------+----------+-----
Dodging        | 2 |  2.3
Conjurations   | 1 |  1.2
Fighting       | |  0.4
Short Blades   | |  0.4
Stealth        | |  1.1
Unarmed Combat | |  0.2
Spellcasting   | |  1.2
Air Magic      | |  2.3

Action                   || total
-------------------------++-------
Melee: Dagger            ||    75
       Unarmed           ||     8
       Short sword       ||   133
 Cast: Shock             ||    41
  Eat: Chunk             ||     7
       Bread ration      ||     4
Armor: Robe              ||   110
Dodge: Dodged            ||   121
